 Dungeon Crawl Stone Soup version 0.31-a0-182-gc5ef74bbde (webtiles) character file.

Game seed: 12382261812991106691

629 qw the Chopper (level 7, -3/44 HPs)
             Began as a Gargoyle Fighter on June 20, 2023.
             Slain by a killer bee (8 damage)
             ... on level 5 of the Dungeon.
             The game lasted 00:02:03 (3700 turns).

qw the Chopper (Gargoyle Fighter)                   Turns: 3700, Time: 00:02:04

Health: -3/44      AC: 12    Str: 21    XL:     7   Next: 48%
Magic:  7/7        EV:  9    Int:  9    God:
Gold:   212        SH:  4    Dex:  9    Spells: 6/6 levels left

rFire   . . .        Y - +1 war axe
rCold   . . .        c - +0 buckler
rNeg    + + .        b - +0 scale mail
rPois   inf          (no helmet)
rElec   +            l - scarf {repulsion}
rCorr   .            (no gloves)
SInv    .            a - +0 pair of boots
Will    .....        (no amulet) Stlth
                     m - ring of positive energy
HPRegen 0.27/turn    (no ring)
MPRegen 0.10/turn

%: repel missiles
@: no status effects
A: sickness immunity, AC +4, negative energy resistance 1, electricity
resistance, torment resistance 1, petrification resistance, claws 1
a: no special abilities


You were on level 5 of the Dungeon.
You visited 2 branches of the dungeon, and saw 6 of its levels.

You collected 212 gold pieces.


Innate Abilities, Weirdness & Mutations

You are immune to sickness and miasma.
Your stone body is resilient. (AC +4)
You are immune to poison.
You resist negative energy. (rN+)
You are resistant to electric shocks. (rElec)
You are resistant to unholy torment.
You are immune to petrification.
You have sharp fingernails.


   Skills:
 - Level 4.4 Fighting
 + Level 6.8 Axes
 - Level 3.2 Armour
 - Level 1.0 Dodging
 - Level 3.2 Shields


You had 6 spell levels left.
You didn't know any spells.
Your spell library was empty.

Inventory:

Hand Weapons
 n - a +0 mace
 Y - a +1 war axe (weapon)
Armour
 a - a +0 pair of boots (worn)
 b - a +0 scale mail (worn)
 c - a +0 buckler (worn)
 l - a scarf of repulsion (worn)
Jewellery
 m - a ring of positive energy (left claw)
Scrolls
 g - a scroll of acquirement {unknown}
 i - a scroll of identify
Potions
 d - a potion of might
 e - a potion of haste {unknown}
 f - a potion of mutation
 h - a potion of resistance {unknown}
 k - a potion of magic

Dungeon Overview and Level Annotations

Branches:
Dungeon (5/15)             Temple (1/1) D:4

Altars:
Cheibriados
Dithmenos
Gozag
Hepliaklqana
Kikubaaqudgha
Nemelex Xobeh
Qazlal
Wu Jian
Yredelemnul
The Shining One

Annotations:
D:3 exclusion: dart slug
D:4 exclusion: jackal


Message History

The killer bee stings you. x2
You miss the killer bee. You barely miss the killer bee.
The killer bee stings you but does no damage.
You block the killer bee's attack.
The killer bee stings you but does no damage.
You block the killer bee's attack.
You hit the killer bee.
The killer bee is moderately wounded.
You slash the killer bee! The killer bee closely misses you.
The killer bee stings you. The killer bee barely misses you.
The killer bee stings you but does no damage.
You block the killer bee's attack.
The killer bee stings you but does no damage.
You completely miss the killer bee.
The killer bee is severely wounded.
You closely miss the killer bee. You block the killer bee's attack. x2
The killer bee stings you but does no damage.
You block the killer bee's attack.
You miss the killer bee.
The killer bee is severely wounded.
You hit the killer bee.
The killer bee stings you but does no damage.
The killer bee closely misses you.
The killer bee stings you but does no damage.
The killer bee stings you. x2
The killer bee stings you but does no damage.
You barely miss the killer bee.
The killer bee is severely wounded.
You miss the killer bee. The killer bee barely misses you. x2
The killer bee stings you but does no damage.
The killer bee stings you.
You hit the killer bee.
The killer bee is severely wounded.
You closely miss the killer bee.
The killer bee stings you but does no damage.
The killer bee stings you!
You die...

.....l # ..... ..##
.... ....####..l
........ ... ...=.#
...# #.).# ##
#...##.y###.#
#......y@#..#
#..#.#.#....#.#
##............# #
#.#.#.#.#..###
..##.......##.###
.....#.#.#.#....###..
#..........#........#
#......##..........#
#...................#
##.


You could see 2 killer bees.

Vanquished Creatures
  A black bear (D:2)
  A gnoll sergeant (D:5)
  A killer bee (D:5)
  A centaur zombie (D:3)
  2 hounds (D:5)
  A scorpion zombie (D:3)
  A sleepcap (D:5)
  3 iguanas
  6 adders
  7 gnolls
  3 worms
  3 dart slugs (D:3)
  3 ball pythons
  3 endoplasms
  4 giant cockroaches
  6 hobgoblins
  9 jackals
  7 kobolds
  4 quokkas
  5 bats
  5 frilled lizards
  A giant cockroach zombie (D:3)
  12 goblins
  5 rats
94 creatures vanquished.

Notes
Turn   | Place    | Note
-------+----------+-------------------------------------------
     0 | D:1      | qw the Gargoyle Fighter began the quest for the Orb.
     0 | D:1      | Reached XP level 1. HP: 14/14 MP: 1/1
     0 | D:1      | 0 ||| qw: Version: 0.3-a-9-g12657ce
     0 | D:1      | 0 ||| qw: Game counter: 1219
     0 | D:1      | 0 ||| qw: Always use a shield: true
     0 | D:1      | 0 ||| qw: God list: Okawaru
     0 | D:1      | 0 ||| qw: Allow faded altars: false
     0 | D:1      | 0 ||| qw: Do Orc after D:15 true
     0 | D:1      | 0 ||| qw: Do second Lair branch before Depths: true
     0 | D:1      | 0 ||| qw: Lair rune preference: random
     0 | D:1      | 0 ||| qw: Plans: Normal, Zot:1-4, Slime:5, God:TSO, Crypt,
                  | Tomb, Abyss, Pan, Hells, Win
     0 | D:1      | 0 ||| PLANNING D:1-11
   167 | D:1      | Reached skill level 2 in Axes
   260 | D:1      | 260 ||| Stepping ~*~*~tactically~*~*~ (stealth).
   261 | D:1      | 261 ||| Stepping ~*~*~tactically~*~*~ (stealth).
   270 | D:1      | Reached XP level 2. HP: 17/19 MP: 2/2
   286 | D:1      | Found a faded altar of an unknown god.
   372 | D:1      | 372 ||| DROPPING +0 club.
   532 | D:1      | Reached skill level 3 in Axes
   683 | D:1      | 683 ||| UPGRADING to scarf of repulsion.
   688 | D:1      | 688 ||| UPGRADING to ring of positive energy.
   689 | D:1      | 689 ||| READING 3 scrolls labelled DANENU VAVO.
   690 | D:1      | 690 ||| READING scroll labelled WIRCHO UNURGH.
   691 | D:1      | 691 ||| READING 2 scrolls labelled JEOGUO HABUDIMP.
   692 | D:1      | 692 ||| DROPPING 2 scrolls of noise.
   711 | D:2      | Reached XP level 3. HP: 23/23 MP: 3/3
   858 | D:2      | Reached XP level 4. HP: 28/28 MP: 4/4
   881 | D:2      | Noticed a black bear
   888 | D:2      | Killed a black bear
   889 | D:2      | Reached skill level 4 in Axes
   889 | D:2      | Reached XP level 5. HP: 30/32 MP: 5/5
  1206 | D:2      | Reached skill level 5 in Axes
  1350 | D:2      | 1350 ||| READING scroll labelled PILAYJ CEYR.
  1370 | D:2      | 1370 ||| READING scroll labelled ITOMOLOLEF.
  1374 | D:2      | 1374 ||| DRINKING 2 brown potions.
  1374 | D:2      | Gained mutation: You have sharp fingernails. [potion of
                  | mutation]
  1375 | D:2      | 1375 ||| READING 2 scrolls of identify.
  1375 | D:2      | 1375 ||| IDENTIFYING metallic blue potion
  1376 | D:2      | 1376 ||| DROPPING potion of degeneration.
  1386 | D:3      | 1386 ||| Stepping ~*~*~tactically~*~*~ (hiding).
  1443 | D:3      | 1443 ||| Stepping ~*~*~tactically~*~*~ (stealth).
  1467 | D:3      | 1467 ||| UPGRADING to +0 pair of boots.
  1472 | D:3      | 1472 ||| READING 2 scrolls of identify.
  1472 | D:3      | 1472 ||| IDENTIFYING metallic inky potion
  1473 | D:3      | Found a snail-covered altar of Cheibriados.
  1555 | D:3      | 1555 ||| Stepping ~*~*~tactically~*~*~ (hiding).
  1560 | D:3      | 1560 ||| Stepping ~*~*~tactically~*~*~ (hiding).
  1561 | D:3      | 1561 ||| Stepping ~*~*~tactically~*~*~ (hiding).
  1562 | D:3      | 1562 ||| Stepping ~*~*~tactically~*~*~ (hiding).
  1565 | D:3      | 1565 ||| Stepping ~*~*~tactically~*~*~ (hiding).
  1707 | D:3      | Found a sparkling altar of Nemelex Xobeh.
  1768 | D:3      | Reached XP level 6. HP: 38/39 MP: 6/6
  1773 | D:3      | Found a basalt altar of Yredelemnul.
  1803 | D:3      | 1803 ||| Stepping ~*~*~tactically~*~*~ (stealth).
  1866 | D:3      | Found a hazy altar of Hepliaklqana.
  1875 | D:3      | Reached skill level 1 in Dodging
  1956 | D:3      | 1956 ||| Stepping ~*~*~tactically~*~*~ (hiding).
  2117 | D:4      | 2117 ||| Stepping ~*~*~tactically~*~*~ (stealth).
  2119 | D:4      | 2119 ||| Stepping ~*~*~tactically~*~*~ (hiding).
  2120 | D:4      | 2120 ||| Stepping ~*~*~tactically~*~*~ (hiding).
  2416 | D:4      | 2416 ||| DROPPING +0 whip.
  2604 | D:4      | 2604 ||| Stepping ~*~*~tactically~*~*~ (stealth).
  2606 | D:4      | Found a staircase to the Ecumenical Temple.
  2607 | D:4      | 2607 ||| PLANNING TEMPLE
  2609 | D:4      | 2609 ||| READING scroll labelled FAJ MOYRAIV.
  2610 | D:4      | 2610 ||| Stepping ~*~*~tactically~*~*~ (stealth).
  2615 | Temple   | Entered the Ecumenical Temple
  2645 | Temple   | 2645 ||| PLANNING D:1-11
  2658 | D:4      | 2658 ||| Stepping ~*~*~tactically~*~*~ (stealth).
  2747 | D:4      | 2747 ||| Stepping ~*~*~tactically~*~*~ (stealth).
  2748 | D:4      | 2748 ||| Stepping ~*~*~tactically~*~*~ (stealth).
  2750 | D:4      | 2750 ||| Stepping ~*~*~tactically~*~*~ (hiding).
  3231 | D:4      | 3231 ||| Stepping ~*~*~tactically~*~*~ (stealth).
  3236 | D:4      | 3236 ||| READING scroll labelled ZITU VADION.
  3249 | D:5      | Entered Level 5 of the Dungeon
  3395 | D:5      | HP: 8/39 [killer bee (3)]
  3396 | D:5      | 3396 ||| READING scroll of teleportation.
  3569 | D:5      | 3569 ||| Stepping ~*~*~tactically~*~*~ (hiding).
  3571 | D:5      | 3571 ||| Stepping ~*~*~tactically~*~*~ (hiding).
  3581 | D:5      | Reached skill level 6 in Axes
  3581 | D:5      | Reached XP level 7. HP: 23/44 MP: 7/7
  3590 | D:5      | 3590 ||| Stepping ~*~*~tactically~*~*~ (stealth).
  3593 | D:5      | 3593 ||| Stepping ~*~*~tactically~*~*~ (stealth).
  3596 | D:5      | 3596 ||| Stepping ~*~*~tactically~*~*~ (stealth).
  3597 | D:5      | 3597 ||| Stepping ~*~*~tactically~*~*~ (stealth).
  3696 | D:5      | HP: 11/44 [killer bee (3)]
  3699 | D:5      | HP: 4/44 [killer bee (5)]
  3700 | D:5      | Slain by a killer bee

Levels and vault maps discovered:
D:1:      minmay_arrival_pointy, layout_basic,
          shapermc_ecumenical_altar_rom_forum
D:2:      layout_loops_ring, minmay_domino_4
D:3:      layout_rooms, nicolae_yredelemnul_corpse_copse,
          kennysheep_slug_shrine, nemelex_altar_shiori,
          nicolae_hepliaklqana_hazy_memory
D:4:      kennysheep_goblin_castle, layout_loops_corners,
          minmay_temple_entry_hall
D:5:      layout_layer_cave, mainiacjoe_overflow_small_starburst,
          serial_co_window_serial, co_window_paths_b, co_window_corner_a,
          co_window_paths_b, co_window_paths_b, co_window_of_opportunity_a,
          co_window_corner_b, co_window_paths_c, co_window_paths_c,
          co_window_broadway_a, co_window_unsneaky_path_a, co_window_4corner_b,
          glass_columns_a, glass_columns_a, glass_columns_b, glass_columns_b,
          glass_columns_b
Temple:   nicolae_temple_ecumenical_triangle

Skill      XL: |  1  2  3  4  5  6 |
---------------+-------------------+-----
Axes           | 2 3 4 5 6 |  6.8
Fighting       | 4 |  4.4
Dodging        | 1 |  1.0
Armour         | |  3.2
Shields        | |  3.2

Action                     |  1- 3 |  4- 6 |  7- 9 || total
---------------------------+-------+-------+-------++-------
  Melee: War axe           |    77 |   191 |    27 ||   295
    Use: Scroll            |     3 |     7 |       ||    10
         Potion            |       |     1 |       ||     1
 Armour: Scale mail        |    33 |    96 |    28 ||   157
  Dodge: Dodged            |    43 |   103 |    18 ||   164
         Repelled          |       |     4 |       ||     4
  Block: Buckler           |    11 |    40 |    12 ||    63

Table legend:
 A = Non-vault XP
 B = Vault XP
 C = Vault XP percentage of total XP
 D = Non-vault monster count
 E = Vault monster count
 F = Vault count percentage of total count
                 A         B        C        D         E       F
            +---------+---------+-------+---------+---------+-------
      Total |     794 |     105 |  11.7 |      81 |      13 |  13.8
            +---------+---------+-------+---------+---------+-------
        D:1 |      33 |       0 |   0.0 |      19 |       0 |   0.0
        D:2 |     204 |       5 |   2.4 |      18 |       4 |  18.2
        D:3 |      60 |      90 |  60.0 |      16 |       4 |  20.0
        D:4 |      89 |      10 |  10.1 |      16 |       5 |  23.8
        D:5 |     408 |       0 |   0.0 |      12 |       0 |   0.0
            +---------+---------+-------+---------+---------+-------
